 Dungeon Crawl Stone Soup version 0.21-a0-584-g185da8e (webtiles) character file.

184000 4thArraOfDagon the Brawler (level 18, -1/176 HPs)
             Began as an Ogre Enchanter on Dec 21, 2017.
             Was the Champion of Hepliaklqana.
             Slain by a thorn hunter (10 damage)
             ... on level 2 of the Swamp.
             The game lasted 01:59:58 (19276 turns).

4thArraOfDagon the Brawler (Ogre Enchanter)        Turns: 19276, Time: 01:59:59

Health: -1/176     AC:  8    Str: 17    XL:     18   Next: 39%
Magic:  40/42      EV: 11    Int: 22    God:    Hepliaklqana [******]
Gold:   1787       SH: 22    Dex:  7    Spells: 30/40 levels left

rFire    + . .     SeeInvis .     - Unarmed
rCold    + + .     Gourm    .   t - +4 large shield of Teluh {rElec rF+ Dex-2 Slay+4}
rNeg     + . .     Faith    .   v - +2 robe {MR+}
rPois    +         Spirit   .   (helmet restricted)
rElec    +         Reflect  .   p - +2 cloak {rPois}
rCorr    +         Harm     .   (gloves unavailable)
MR       ++...                  (boots unavailable)
Stlth    +.........             R - amulet of regeneration
HPRegen  1.79/turn              H - ring of resist corrosion
MPRegen  0.28/turn              l - ring "Ufituug" {rC++ rN+ MP+9 Slay+3}

@: regenerating
A: large, unfitting armour, reduced essence, hooves 1, poison resistance, tough
skin 1
a: Recall Ancestor, Ancestor Identity, Transference, Idealise, Renounce Religion


You were on level 2 of the Swamp.
You worshipped Hepliaklqana.
Hepliaklqana was exalted by your worship.
You were not hungry.

You visited 5 branches of the dungeon, and saw 28 of its levels.
You also visited: Bailey and Ice Cave.

You collected 3367 gold pieces.
You spent 1580 gold pieces at shops.

Inventory:

Hand Weapons
 C - the +1 trident of Departure {drain, Int+3}
   (You found it in a bailey)

   A truly terrible weapon, it drains the life of those it strikes.
   It affects your intelligence (+3).
Missiles
 g - 9 large rocks
 h - 2 throwing nets (quivered)
Armour
 e - the +1 robe of Proximity {Int+2}
   (You found it on level 1 of the Lair of Beasts)

   It affects your intelligence (+2).
 p - a +2 cloak of poison resistance (worn)
 t - the +4 large shield of Teluh (worn) {rElec rF+ Dex-2 Slay+4}
   (You found it in a bailey)

   It affects your dexterity (-2).
   It affects your accuracy and damage with ranged weapons and melee attacks
   (+4).
   It protects you from fire.
   It insulates you from electricity.
 v - a +2 robe of magic resistance (worn)
Magical Staves
 S - an uncursed staff of energy {!a}
Jewellery
 i - a +3 ring of dexterity
 l - the ring "Ufituug" (right hand) {rC++ rN+ MP+9 Slay+3}
   (You found it in an ice cave)

   [ring of magical power]

   It affects your accuracy and damage with ranged weapons and melee attacks
   (+3).
   It greatly protects you from cold.
   It protects you from negative energy.
   It affects your magic capacity (+9).
 H - a ring of resist corrosion (left hand)
 R - an amulet of regeneration (around neck)
 X - the amulet of the Four Winds {rN+ MR+++ Clar}
   (You took it off a deep elf high priest on level 3 of the Elven Halls)

   [amulet of nothing]

   It protects you from negative energy.
   It affects your resistance to hostile enchantments.
   It protects you against confusion.
 Y - the ring of Qicsonal {MR+ Int+7 Dex-4}
   (You bought it in a shop on level 1 of the Elven Halls)

   [ring of protection from magic]

   It affects your intelligence (+7).
   It affects your dexterity (-4).
   It affects your resistance to hostile enchantments.
Wands
 b - a wand of digging (5)
 f - a wand of clouds (4)
 n - a wand of scattershot (3)
Scrolls
 k - 8 scrolls of teleportation
 m - 7 scrolls of enchant armour
 q - 9 scrolls of identify
 s - 3 scrolls of fear
 x - 4 scrolls of remove curse
 y - 7 scrolls of blinking
 z - a scroll of holy word
 J - 4 scrolls of fog
 K - a scroll of summoning
 Q - 2 scrolls of immolation
 Z - 6 scrolls of magic mapping
Potions
 j - 4 potions of brilliance
 o - a potion of mutation
 r - 3 potions of flight
 A - a potion of magic
 D - 5 potions of curing
 E - 4 potions of ambrosia
 F - 2 potions of lignification
 L - 3 potions of agility
 M - 6 potions of cancellation
 N - 7 potions of haste
 O - 6 potions of might
 T - a potion of resistance
 U - 2 potions of berserk rage
 W - a potion of heal wounds
Books
 a - a book of the Sky

   Spells                             Type                      Level
   a - Summon Lightning Spire         Summoning/Air                4
   b - Silence                        Hexes/Air                    5
   c - Deflect Missiles               Charms/Air                   6
   d - Conjure Ball Lightning         Conjuration/Air              6
   e - Tornado                        Air                          9
 V - a book of Fire

   Spells                             Type                      Level
   a - Ignite Poison                  Fire/Transmutation/Poison    3
   b - Fireball                       Conjuration/Fire             5
   c - Bolt of Fire                   Conjuration/Fire             6
   d - Ring of Flames                 Charms/Fire                  7
   e - Ignition                       Fire                         8
Miscellaneous
 c - a lightning rod (4/4)
 u - a fan of gales
 w - a box of beasts
 B - a phantom mirror
 G - a lamp of fire
 P - 2 sacks of spiders
Comestibles
 d - 46 rations
 I - 2 chunks of flesh


   Skills:
 - Level 16.2 Fighting
   Level 0.8 Short Blades
 - Level 4.4 Dodging
 - Level 2.1 Stealth
 - Level 15.0 Shields
 - Level 16.2 Unarmed Combat
 + Level 11.9 Spellcasting
   Level 2.6 Hexes
 - Level 4.7 Charms
 - Level 4.7 Necromancy
   Level 4.6 Transmutations
 - Level 9.4 Invocations
 - Level 3.4 Evocations


You had 30 spell levels left.
You knew the following spells:

 Your Spells              Type           Power        Failure   Level  Hunger
b - Swiftness             Chrm/Air       ###.....     2%          2    None
c - Regeneration          Chrm/Necr      ####......   1%          3    None
e - Control Undead        Necr           ####......   7%          4    None
g - Apportation           Tloc           ##....       4%          1    None


Dungeon Overview and Level Annotations

Branches:
Dungeon (15/15)            Temple (0/1) D:7            Lair (6/6) D:8
  Swamp (2/4) Lair:4       Spider (0/4) Lair:2        Slime (0/5) Lair:6
    Orc (2/2) D:9             Elf (3/3) Orc:2        Vaults (0/5) D:13
 Depths (0/5) D:15

Altars:
Ashenzari
Cheibriados
Dithmenos
Elyvilon
Hepliaklqana
Kikubaaqudgha
Makhleb
Nemelex Xobeh
Sif Muna
Uskayaw
Wu Jian
Xom
Yredelemnul
The Shining One
Jiyva

Shops:
D:10 (   D:11 [   Orc:1 =   Orc:2 ??!*   Elf:1 =

Annotations:
D:4 Eustachio
D:5 Nr616's ghost, amateur DEFE


Innate Abilities, Weirdness & Mutations

You are too large for most types of armour.
You have tough skin. (AC +1)
Your life essence is reduced to manifest your ancestor. (-10% HP)
You have large cloven feet.
Your system is resistant to poisons. (rPois)


Message History

You block the thorn hunter's attack. x2
Bojana hits the thorn hunter but does no damage.
Unknown command.
Unknown command.
You feel better. You block the slime creature's attack.
You block the thorn hunter's attack. The thorn hunter barely misses you.
Unknown command.
You barely miss the thorn hunter. You kick the thorn hunter.
The thorn hunter is severely damaged.
The briar patch crumbles away.
Bojana barely misses the thorn hunter.
The thorn hunter hits you!
* * * LOW HITPOINT WARNING * * *
You block the thorn hunter's attack. You block the slime creature's attack.
Unknown command.
Unknown command.
You feel better.
The briar patch crumbles away. x2
The thorn hunter hits you!!
* * * LOW HITPOINT WARNING * * *
The thorn hunter hits you!
You die...

≈≈≈≈..♣ .≈ ≈≈≈≈..§♣.
≈≈≈≈.. ≈≈§...≈≈.
≈♣.≈≈≈≈≈. .≈..≈≈.≈.
.≈.≈≈≈≈≈≈
..≈≈≈≈≈.♣♣♣♣♣♣♣♣♣.≈≈≈≈≈≈≈
#..≈≈≈≈††≈≈≈♣.<♣♣.≈Pf≈≈≈≈
....≈≈.†.....≈†♣♣.PPP≈.≈≈
##.≈≈≈.....Rf♣♣♣.§≈P≈≈.≈
.#..≈≈≈≈≈≈≈≈@......≈≈≈...
.....≈PP≈≈≈≈J≈≈≈≈/≈.≈≈.♣
.....≈P.≈.≈≈≈..≈≈..≈≈..♣
..#..≈PP.≈≈.≈≈.≈≈.♣....♣
. #...PP..≈≈..≈≈≈.♣♣≈.♣.≈
#...PPPPP≈≈.≈≈.≈♣ ♣♣.≈≈
...≈.P♣PPPP.....♣♣ ≈≈
...♣≈..≈≈≈≈..≈♣♣♣♣ ≈
....≈§.≈≈≈...≈≈J


You could see the friendly Bojana the knight, a thorn hunter and a slime
creature.

Vanquished Creatures
  4 deep elf blademasters (Elf:3)
  A deep elf master archer (Elf:3)
  Frances (D:14)
  Donald (Orc:2)
  2 frost giants
  Louise (Elf:1)
  7 deep elf sorcerers
  3 deep elf elementalists (Elf:3)
  7 deep elf demonologists (Elf:3)
  9 deep elf annihilators (Elf:3)
  Snorg (D:10)
  3 deep elf death magi (Elf:3)
  4 deep elf high priests (Elf:3)
  2 large abominations (Elf:3)
  6 hydras
  4 catoblepae
  3 centaur warriors
  3 alligators (Swamp:1)
  12 death yaks
  Erica (D:8)
  6 two-headed ogres
  6 dancing weapons (Elf:1)
  A tengu warrior (D:14)
  4 orc high priests (Orc:2)
  3 deep elf knights (Elf:3)
  A spriggan (Swamp:1)
  4 skeletal warriors
  2 wizards
  4 swamp dragons
  An orc knight (Bailey)
  2 deep elf archers
  7 ugly things (D:14)
  23 deep elf magi
  2 orc sorcerers (Orc:2)
  A cyclops (D:14)
  An oklob plant (Lair:1)
  2 manticores (Lair:6)
  3 centaur zombies
  Maurice (D:10)
  13 elephants
  3 black mambas
  An ice statue (IceCv)
  Joseph (D:8)
  11 spiny frogs
  A gargoyle (D:14)
  4 torpor snails (Lair:3)
  5 rime drakes
  An efreet (D:15)
  11 komodo dragons
  3 trolls
  13 polar bears
  3 hornets
  2 tyrant leeches
  A queen bee (Lair:2)
  6 hippogriffs
  A harpy skeleton (D:15)
  10 slime creatures
  2 bog bodies (Swamp:1)
  19 blink frogs
  A centaur simulacrum (D:14)
  An air elemental (Elf:1)
  3 shadows
  3 fire elementals
  48 yaks
  A wyvern (Lair:2)
  7 wraiths
  A vampire (D:15)
  Grum (D:8)
  A hungry ghost (D:13)
  3 steam dragons
  7 vampire mosquitoes
  9 basilisks
  8 wargs
  A swamp worm (Swamp:1)
  Edmund (D:4)
  An acid dragon (D:15)
  14 water moccasins
  6 porcupines
  Duvessa (D:7)
  3 swamp drakes (Swamp:1)
  2 phantoms
  21 orc warriors
  6 ice beasts
  4 sky beasts
  An eye of draining (D:12)
  20 wolves
  13 centaurs
  8 ogres
  A boggart (Elf:1)
  8 crocodiles
  Blork the orc (D:4)
  An earth elemental (Elf:1)
  16 bullfrogs
  A wyvern skeleton (D:14)
  2 scorpions
  20 killer bees
  6 wights
  2 howler monkeys (D:14)
  An electric eel (D:11)
  5 crimson imps
  2 quasits
  A hound (D:12)
  28 orc priests
  2 jellies
  15 orc wizards
  3 centaur skeletons
  Ijyb (D:4)
  5 iguanas
  Natasha (twice) (D:4)
  4 worker ants
  A hound skeleton (D:6)
  8 gnolls
  11 adders
  A howler monkey skeleton (D:4)
  A shadow imp (D:13)
  2 dart slugs
  8 leopard geckos
  73 orcs
  2 ball pythons
  6 bats
  A giant cockroach (D:2)
  7 hobgoblins
  6 jackals
  8 quokkas
  2 frilled lizards
  A goblin (D:3)
  2 kobolds
  2 leopard gecko skeletons (D:4)
  A quokka zombie (D:4)
  8 rats
734 creatures vanquished.

Vanquished Creatures (collateral kills)
  The ghost of Nattefrost the Sculptor of Flesh, a journeyman HOFi of Yredelemnul (Orc:2)
  2 deep elf sorcerers (Elf:3)
  A deep elf elementalist (Elf:3)
  A deep elf death mage (Elf:3)
  Josephine (D:10)
  A deep elf high priest (Elf:3)
  A catoblepas (Lair:6)
  A vault guard (D:13)
  3 hydras
  A death yak (Lair:6)
  A death knight (D:14)
  2 two-headed ogres
  A tengu warrior (D:14)
  A deep troll earth mage (D:12)
  A small abomination (Elf:3)
  A deep elf archer (Elf:1)
  An unseen horror (D:14)
  A shambling mangrove (Swamp:1)
  Pikel (D:7)
  5 ugly things
  9 deep elf magi
  An orc sorcerer (D:12)
  A cyclops (D:12)
  A manticore (D:14)
  3 elephants
  2 spiny frogs
  A yaktaur (D:15)
  A freezing wraith (D:14)
  2 polar bears (IceCv)
  A hornet (Swamp:1)
  2 tyrant leeches (Swamp:1)
  A blink frog (Lair:1)
  2 slime creatures
  2 hippogriffs
  3 vampires
  3 wraiths
  A water elemental (Elf:2)
  11 yaks
  A wyvern (Lair:6)
  A fire bat (shapeshifter) (D:14)
  A steam dragon (D:12)
  4 vampire mosquitoes
  4 wargs
  3 swamp worms (Swamp:1)
  2 water moccasins
  A soldier ant (D:15)
  A porcupine (Lair:1)
  An ice beast (D:7)
  2 phantoms
  8 orc warriors
  A swamp drake (Swamp:2)
  A sky beast (D:15)
  A black bear (D:8)
  4 ogres
  5 crocodiles
  3 centaurs
  5 bullfrogs
  An earth elemental (Elf:1)
  A wyvern zombie (D:13)
  Dowan (D:7)
  3 wights
  2 killer bees
  3 howler monkeys
  A bullfrog zombie (D:13)
  A centaur zombie (D:8)
  4 crimson imps
  8 orc priests
  2 bullfrog skeletons
  A centaur skeleton (D:10)
  A hound (D:8)
  7 orc wizards
  An iguana (D:11)
  4 worker ants
  A hound zombie (D:7)
  A worker ant zombie (D:7)
  6 adders
  2 gnolls
  A howler monkey zombie (D:10)
  2 shadow imps
  A worm (D:2)
  2 leopard geckos
  37 orcs
  A ball python (D:2)
  A giant cockroach (D:2)
  2 goblins
  3 hobgoblins
  5 jackals
  A quokka (D:2)
  2 bats (D:2)
  A frilled lizard (D:5)
  A jackal zombie (D:5)
  3 kobolds
  A crawling corpse (Elf:3)
  A fungus (Lair:6)
240 creatures vanquished.

Vanquished Creatures (others)
  2 polar bears (IceCv)
  2 wolves (IceCv)
  2 bullfrogs
  13 knights
  2 ancestors (D:4)
  2 briar patches (Swamp:2)
  A fungus (Lair:6)
  4 plants
28 creatures vanquished.

Grand Total: 1002 creatures vanquished

Notes
Turn   | Place    | Note
-------+----------+-------------------------------------------
     0 | D:1      | 4thArraOfDagon the Ogre Enchanter began the quest for the Orb.
     0 | D:1      | Reached XP level 1. HP: 16/16 MP: 3/3
   213 | D:3      | Reached skill level 1 in Fighting
   213 | D:3      | Reached skill level 1 in Unarmed Combat
   275 | D:4      | Reached XP level 2. HP: 13/27 MP: 5/5
   281 | D:4      | Learned a level 2 spell: Ensorcelled Hibernation
   305 | D:4      | Found an ancient bone altar of Kikubaaqudgha.
   310 | D:4      | Noticed Edmund
   404 | D:4      | Found a burning altar of Makhleb.
   509 | D:4      | Killed Edmund
   509 | D:4      | Reached XP level 3. HP: 3/37 MP: 6/6
   509 | D:4      | Reached XP level 4. HP: 4/45 MP: 7/7
   509 | D:4      | Reached XP level 5. HP: 5/53 MP: 8/8
   528 | D:4      | Noticed Natasha
   538 | D:4      | Noticed Eustachio
   551 | D:4      | Found a white marble altar of Elyvilon.
   799 | D:4      | Found a hazy altar of Hepliaklqana.
   880 | D:4      | Became a worshipper of Hepliaklqana the Forgotten
  1451 | D:2      | Found a shattered altar of Ashenzari.
  1609 | D:2      | Found a sparkling altar of Nemelex Xobeh.
  1755 | D:2      | Learned a level 3 spell: Regeneration
  1757 | D:2      | Learned a level 1 spell: Animate Skeleton
  1859 | D:2      | Reached XP level 6. HP: 54/55 MP: 9/9
  2176 | D:2      | Found a hide-covered altar of Uskayaw.
  2183 | D:2      | Found a shattered altar of Ashenzari.
  2307 | D:2      | Found a faded altar of an unknown god.
  2448 | D:2      | HP: 1/56 [gnoll/flail (10)]
  2899 | D:4      | Noticed Blork the orc
  2916 | D:4      | Killed Natasha
  2930 | D:4      | Noticed Ijyb
  2948 | D:4      | Noticed Natasha
  2973 | D:4      | Killed Natasha
  2989 | D:4      | Killed Ijyb
  2989 | D:4      | Reached skill level 5 in Fighting
  2989 | D:4      | Reached skill level 5 in Unarmed Combat
  2990 | D:4      | HP: 1/59 [something (15)]
  2995 | D:4      | HP: 3/88 [something/magic dart (3)]
  3006 | D:4      | Killed Blork the orc
  3006 | D:4      | Reached XP level 7. HP: 16/64 MP: 10/10
  3110 | D:4      | Noticed Natasha
  3112 | D:4      | Noticed Natasha
  3112 | D:4      | Natasha changed into Natasha the iguana
  3261 | D:4      | Killed Natasha the iguana
  3411 | D:5      | Entered Level 5 of the Dungeon
  3482 | D:5      | Noticed Nr616's ghost (amateur DEFE)
  3672 | D:5      | Reached * piety under Hepliaklqana
  3758 | D:5      | Found a snail-covered altar of Cheibriados.
  3980 | D:5      | Reached skill level 1 in Charms
  3980 | D:5      | Reached skill level 1 in Necromancy
  3988 | D:5      | Reached XP level 8. HP: 45/74 MP: 12/12
  4354 | D:6      | Reached skill level 1 in Invocations
  4415 | D:6      | Noticed an eight-headed hydra
  4460 | D:6      | Killed an eight-headed hydra
  4460 | D:6      | Reached XP level 9. HP: 66/82 MP: 14/15
  4532 | D:6      | Reached ** piety under Hepliaklqana
  4533 | D:6      | Remembered your ancestor Bojana as a knight
  4709 | D:7      | Noticed a hornet
  4709 | D:7      | a hornet changed into a basilisk
  4847 | D:7      | Found a flagged portal.
  4979 | Bailey   | Entered a bailey
  5021 | Bailey   | HP: 3/83 [orc warrior/spear (15)]
  5105 | Bailey   | Noticed an orc knight
  5139 | Bailey   | Reached XP level 10. HP: 44/91 MP: 17/17
  5328 | Bailey   | Reached skill level 1 in Evocations
  5328 | Bailey   | Killed an orc knight
  5337 | Bailey   | Found the +15 Maxwell's patent armour {-Cast -Tele rElec MR+ rCorr}
  5340 | Bailey   | Got an ichor-stained large shield
  5342 | Bailey   | Got a transparent trident
  5432 | Bailey   | Identified the +4 large shield of Teluh {rElec rF+ Dex-2 Slay+4} (You found it in a bailey)
  5467 | D:7      | Noticed Dowan
  5489 | D:7      | Noticed Duvessa
  5506 | D:7      | Killed Dowan
  5533 | D:7      | Noticed Pikel
  5537 | D:7      | Found a glowing golden altar of the Shining One.
  5552 | D:7      | Killed Pikel
  5552 | D:7      | Reached skill level 1 in Shields
  5574 | D:7      | Identified the cursed +1 trident of Departure {drain, Int+3} (You found it in a bailey)
  5598 | D:7      | Found a staircase to the Ecumenical Temple.
  5813 | D:7      | Killed Duvessa
  5867 | D:8      | Found a shadowy altar of Dithmenos.
  5881 | D:8      | Noticed Grum
  5928 | D:8      | Killed Grum
  6010 | D:8      | Got an encrusted mace
  6019 | D:8      | Identified the cursed +1 mace "Ceqemat" {pain, Stlth+} (You found it on level 8 of the Dungeon)
  6077 | D:8      | Noticed a two-headed ogre
  6152 | D:9      | Reached *** piety under Hepliaklqana
  6330 | D:9      | Reached skill level 5 in Spellcasting
  6339 | D:9      | Found a staircase to the Orcish Mines.
  6452 | D:9      | Found an ornate altar of the Wu Jian Council.
  6490 | D:10     | Entered Level 10 of the Dungeon
  6555 | D:10     | Reached XP level 11. HP: 90/101 MP: 18/18
  6650 | D:10     | Found Wufytiecw's Weapon Boutique.
  6685 | D:10     | Noticed a centaur warrior
  6703 | D:10     | Killed a centaur warrior
  6891 | D:10     | Reached skill level 5 in Invocations
  6948 | D:10     | Noticed Snorg
  6967 | D:10     | Killed Snorg
  7005 | D:10     | Learned a level 2 spell: Swiftness
  7073 | D:10     | Noticed Maurice
  7218 | D:10     | Killed Maurice
  7362 | D:10     | Noticed Josephine
  7381 | D:10     | Killed Josephine
  7381 | D:10     | Reached skill level 5 in Shields
  7489 | D:11     | Found a burning altar of Makhleb.
  7503 | D:11     | Found Nisieg's Armour Boutique.
  7530 | D:11     | Bought a +2 cloak of poison resistance for 333 gold pieces
  7583 | D:11     | Noticed a two-headed ogre
  7596 | D:11     | Killed a two-headed ogre
  7893 | D:12     | Noticed a skeletal warrior
  7894 | D:12     | Reached XP level 12. HP: 108/111 MP: 21/21
  8070 | D:11     | Reached skill level 10 in Unarmed Combat
  8098 | D:12     | Reached **** piety under Hepliaklqana
  8217 | D:12     | Reached skill level 10 in Fighting
  8318 | D:12     | Noticed a two-headed ogre
  8330 | D:12     | Killed a two-headed ogre
  8341 | D:12     | Noticed a two-headed ogre
  8350 | D:12     | Killed a two-headed ogre
  8853 | D:12     | Noticed a deep troll earth mage
  8864 | D:12     | Killed a deep troll earth mage
  9101 | D:14     | Noticed a centaur warrior
  9102 | D:14     | Noticed a tengu warrior
  9105 | D:14     | Noticed a tengu warrior
  9114 | D:13     | Turgon: ?? barbs
  9117 | D:13     | beem: manticore[1/4]: Late-D and Shoals threat. Good melee, can fling barbs, which deal damage with every movement when embedded into a target. Moving enough or standing still for bit will remove the status.
  9241 | D:14     | Killed a tengu warrior
  9249 | D:14     | Killed a centaur warrior
  9249 | D:14     | Reached XP level 13. HP: 111/122 MP: 24/24
  9782 | D:13     | Noticed a vault guard
  9807 | D:13     | Killed a vault guard
  9933 | D:13     | Found a gate to the Vaults.
 10287 | D:14     | Noticed Frances
 10303 | D:14     | Killed Frances
 10349 | D:15     | Entered Level 15 of the Dungeon
 10349 | D:15     | Found a basalt altar of Yredelemnul.
 10483 | D:15     | Reached XP level 14. HP: 81/133 MP: 27/27
 10681 | D:15     | Noticed a frost giant
 10696 | D:15     | Killed a frost giant
 10723 | D:15     | Found a staircase to the Depths.
 10801 | D:15     | Reached skill level 10 in Shields
 10985 | Orc:1    | Entered Level 1 of the Orcish Mines
 11177 | Orc:2    | Entered Level 2 of the Orcish Mines
 11319 | Orc:2    | Found a staircase to the Elven Halls.
 11319 | Orc:2    | Noticed Donald
 11336 | Orc:2    | Killed Donald
 11371 | Orc:2    | Found a deep blue altar of Sif Muna.
 11457 | Orc:2    | Noticed Nattefrost's ghost (journeyman HOFi)
 11483 | Orc:2    | Killed Nattefrost's ghost
 11735 | Orc:2    | Found Jiseil's Magic Scroll Boutique.
 11735 | Orc:2    | Found Minyhuc's Magic Scroll Boutique.
 11736 | Orc:2    | Found Lawker's Distillery.
 11740 | Orc:2    | Found Koschap's General Store.
 11747 | Orc:2    | Bought a potion of curing for 33 gold pieces
 11747 | Orc:2    | Bought a potion of agility for 44 gold pieces
 11747 | Orc:2    | Bought a potion of might for 44 gold pieces
 11747 | Orc:2    | Bought a potion of might for 44 gold pieces
 11747 | Orc:2    | Bought a potion of berserk rage for 55 gold pieces
 11747 | Orc:2    | Bought 2 potions of berserk rage for 110 gold pieces
 11747 | Orc:2    | Bought 2 potions of brilliance for 88 gold pieces
 11748 | Orc:2    | Bought a potion of flight for 48 gold pieces
 11749 | Orc:2    | Bought a scroll of teleportation for 54 gold pieces
 11750 | Orc:2    | Bought a scroll of teleportation for 45 gold pieces
 11750 | Orc:2    | Bought a scroll of fog for 30 gold pieces
 11750 | Orc:2    | Bought a scroll of magic mapping for 52 gold pieces
 11750 | Orc:2    | Bought a scroll of blinking for 112 gold pieces
 11750 | Orc:2    | Bought a scroll of identify for 30 gold pieces
 11750 | Orc:2    | Bought a scroll of identify for 30 gold pieces
 11750 | Orc:2    | Bought 3 scrolls of noise for 45 gold pieces
 11873 | Orc:1    | Found Miwel's Jewellery Emporium.
 12038 | Elf:1    | Entered Level 1 of the Elven Halls
 12322 | Elf:1    | Reached XP level 15. HP: 70/143 MP: 28/28
 12328 | Elf:1    | Noticed a deep elf sorcerer
 12333 | Elf:1    | Killed a deep elf sorcerer
 12341 | Elf:1    | Paralysed by a wizard for 5 turns
 12489 | Elf:1    | Found Zudugodgh's Jewellery Shoppe.
 12497 | Elf:1    | Bought the ring of Qicsonal {MR+ Int+7 Dex-4} for 383 gold pieces
 12983 | Elf:3    | Entered Level 3 of the Elven Halls
 13411 | Elf:3    | Noticed a deep elf blademaster
 13428 | Elf:3    | Killed a deep elf blademaster
 13445 | Elf:3    | Noticed a deep elf sorcerer
 13453 | Elf:3    | Killed a deep elf sorcerer
 13518 | Elf:3    | Noticed a deep elf master archer
 13520 | Elf:3    | Killed a deep elf master archer
 13533 | Elf:3    | Noticed a deep elf elementalist
 13537 | Elf:3    | Killed a deep elf elementalist
 13554 | Elf:3    | Noticed a Tzitzimitl
 13561 | Elf:3    | Gained mutation: You tend to lose your temper in combat. [a neqoxec]
 13592 | Elf:3    | Noticed a deep elf sorcerer
 13609 | Elf:3    | Noticed a deep elf blademaster
 13614 | Elf:3    | Killed a deep elf sorcerer
 13639 | Elf:3    | Killed a deep elf blademaster
 13718 | Elf:3    | Noticed a deep elf sorcerer
 13725 | Elf:3    | Killed a deep elf sorcerer
 13725 | Elf:3    | Reached XP level 16. HP: 69/154 MP: 28/29
 14045 | Elf:3    | Got a slimy double sword {vamp}
 14148 | Elf:3    | Noticed a deep elf blademaster
 14177 | Elf:3    | Killed a deep elf blademaster
 14177 | Elf:3    | Reached skill level 15 in Fighting
 14177 | Elf:3    | Reached skill level 15 in Unarmed Combat
 14221 | Elf:3    | Noticed a deep elf blademaster
 14240 | Elf:3    | Killed a deep elf blademaster
 14335 | Elf:3    | Identified the amulet of the Will of the Gods {RegenMP MR+} (You found it on level 3 of the Elven Halls)
 14380 | Elf:3    | Got an ebony great mace
 14468 | Elf:3    | Learned a level 4 spell: Control Undead
 14469 | Elf:3    | Got a bloodstained longbow
 14608 | Elf:1    | Noticed Louise
 14627 | Elf:1    | Killed Louise
 14776 | D:8      | Noticed Erica
 14783 | D:8      | Killed Erica
 14880 | D:8      | Noticed Joseph
 14891 | D:8      | Killed Joseph
 14946 | D:8      | Found a staircase to the Lair.
 15053 | Lair:1   | Entered Level 1 of the Lair of Beasts
 15088 | Lair:1   | Learned a level 3 spell: Ignite Poison
 15111 | Lair:1   | Reached XP level 17. HP: 165/165 MP: 30/30
 15227 | Lair:1   | Got a slimy robe
 15238 | Lair:1   | Identified the cursed +1 robe of Proximity {Int+2} (You found it on level 1 of the Lair of Beasts)
 15290 | Lair:1   | Reached skill level 1 in Transmutations
 15428 | Lair:1   | Reached ***** piety under Hepliaklqana
 15553 | Lair:2   | Lost mutation: You tend to lose your temper in combat. [potion of mutation]
 15553 | Lair:2   | Gained mutation: You have large cloven feet. [potion of mutation]
 15553 | Lair:2   | Gained mutation: Your system is resistant to poisons. (rPois) [potion of mutation]
 15579 | Lair:2   | Found a hole to the Spider Nest.
 16651 | Lair:4   | Learned a level 1 spell: Apportation
 16758 | Lair:4   | Found a staircase to the Swamp.
 16835 | Lair:5   | Found a frozen archway.
 16844 | IceCv    | Entered an ice cave
 16942 | IceCv    | Identified Zouhaore's Compendium of Bewitchment
 17282 | IceCv    | HP: 7/168 [frost giant/bolt of cold (29)]
 17392 | IceCv    | Identified the ring "Ufituug" {rC++ rN+ MP+9 Slay+3} (You found it in an ice cave)
 17669 | Lair:5   | Reached ****** piety under Hepliaklqana
 17809 | Lair:6   | Entered Level 6 of the Lair of Beasts
 17859 | Lair:6   | Found a shimmering altar of Xom.
 18294 | Lair:6   | Reached XP level 18. HP: 175/176 MP: 31/31
 18299 | Lair:6   | Reached skill level 15 in Shields
 18570 | Lair:6   | Reached skill level 10 in Spellcasting
 18680 | Lair:6   | Found a viscous altar of Jiyva.
 18681 | Lair:6   | Found a staircase to the Slime Pits.
 18805 | Swamp:1  | Entered Level 1 of the Swamp
 19276 | Swamp:2  | Slain by a thorn hunter

Vault maps used:
D:1:      lightli_arrival_windingriver
D:2:      lemuel_upstairs_altar, nicolae_overflow_hidden_temple,
          gammafunk_temple_overflow_statue, chequers_ecumenical_altar_lobes
D:3:      first_ration
D:4:      makhleb_heckhound_becter, lemuel_crystal_altar, kennysheep_mini_moat,
          nicolae_overflow_crystal_walls, uniq_ijyb, uniq_edmund,
          uniq_blork_the_orc, uniq_natasha, uniq_eustachio
D:5:      lemuel_crystal_altar, minmay_misc_feat_rows
D:6:      minmay_three_doors
D:7:      tso_metal_star, minmay_temple_entry_overgrown, enter_bailey_8,
          uniq_duvessa, uniq_pikel
D:8:      nicolae_whirlpool, david_lair_generic, basic_altar, uniq_joseph,
          uniq_grum, uniq_erica
D:9:      grunt_temple_overflow_cloverleaf, david_orc_3, grunt_ogre_cave
D:10:     serial_shops, shop, uniq_josephine, uniq_snorg, uniq_maurice
D:11:     serial_shops, nicolae_shop_crystal, basic_altar,
          mrwooster_statue_mirror
D:12:     lemuel_castle_with_subvaults
D:13:     david_vaults_5
D:14:     uniq_frances
D:15:     grunt_enter_depths_snipers, yredelemnul_altar_generic
Lair:1:   dpeg_stationary_puzzle
Lair:2:   regret_index_tunnel_blossom, dummy_spider_entry
Lair:3:   kennysheep_snail_temple, lemuel_fruit_tree
Lair:4:   minmay_swamp_entry_worms, grunt_megastairs_5
Lair:5:   portal_ice_cave_entry_pillars_1
Lair:6:   evilmike_catoblepas_cave, dpeg_slime_entry_enclosed_altar,
          basic_altar, grunt_megastairs_3
Swamp:1:  nicolae_swamp_round_clearing, hangedman_swamp_blocks
Swamp:2:  evilmike_swamp_ruin_rubble_2, swamp_pool2
Orc:1:    serial_shops, nicolae_shop_statue_plus
Orc:2:    st_orc_mages, led_sif_book, uniq_donald
Elf:1:    elf_arrival_002, serial_shops, shop, hangedman_elf_disciples,
          uniq_louise
Elf:3:    minmay_elf_hall_four_x
Bailey:   bailey_polearm_1, bailey
IceCv:    ice_cave_caverns_02

Skill      XL: |  1  2  3  4  5  6  7  8  9 10 11 12 13 14 15 16 17 18 |
---------------+-------------------------------------------------------+-----
Fighting       | 1 3 4 5 6 7 8 9 10 11 13 14 15 16 | 16.2
Unarmed Combat | 1 3 4 5 6 7 8 9 10 11 13 14 15 16 | 16.2
Charms         | 1 3 4 |  4.7
Necromancy     | 1 3 4 |  4.7
Spellcasting   | 4 5 6 7 9 11 | 11.9
Invocations    | 2 3 4 6 7 8 9 |  9.4
Evocations     | 3 |  3.4
Dodging        | 3 4 |  4.4
Shields        | 3 5 7 9 11 12 13 14 15 | 15.0
Transmutations | 4 |  4.6
Short Blades   | |  0.8
Stealth        | |  2.1
Hexes          | |  2.6

Action                   |  1- 3 |  4- 6 |  7- 9 | 10-12 | 13-15 | 16-18 || total
-------------------------+-------+-------+-------+-------+-------+-------++-------
Melee: Hand axe          |    30 |    11 |       |       |       |       ||    41
       Dagger            |     9 |       |       |       |       |       ||     9
       Unarmed           |     7 |   243 |   292 |   784 |  1133 |  1434 ||  3893
       Punch             |       |     2 |     4 |     2 |       |       ||     8
       Giant spiked club |       |       |    10 |       |       |       ||    10
       Kick              |       |       |       |       |       |   205 ||   205
Throw: Throwing net      |       |     3 |     4 |       |       |       ||     7
       Large rock        |       |       |       |     2 |     2 |       ||     4
 Cast: Corona            |     8 |    14 |     2 |       |       |       ||    24
       Regeneration      |       |       |    37 |    94 |   132 |   105 ||   368
       Animate Skeleton  |       |       |     4 |     3 |       |       ||     7
Invok: Recall Ancestor   |       |     2 |     4 |     8 |     8 |     2 ||    24
       Ancestor Life: Kn |       |       |     1 |       |       |       ||     1
       Idealise          |       |       |       |     1 |     5 |     2 ||     8
Evoke: Wand              |       |    11 |    21 |    17 |    14 |     2 ||    65
       Lamp of fire      |       |       |       |     1 |     1 |     2 ||     4
  Use: Scroll            |     5 |     3 |     7 |    10 |    10 |    15 ||    50
       Potion            |     1 |     4 |     2 |     3 |     6 |    10 ||    26
 Stab: Sleeping          |       |     1 |     3 |     9 |     1 |     1 ||    15
       Confused          |       |     1 |       |       |       |       ||     1
       Held in net/web   |       |       |     3 |       |       |       ||     3
       Distracted        |       |       |     1 |     4 |     1 |     4 ||    10
       Paralysed         |       |       |       |     3 |       |       ||     3
       Petrified         |       |       |       |       |       |     2 ||     2
  Eat: Chunk             |       |     8 |    14 |    16 |    19 |    25 ||    82
       Ration            |       |       |       |     2 |     2 |       ||     4
Armor: Robe              |     7 |    68 |    65 |    65 |    99 |   134 ||   438
       Skin              |     2 |    11 |    80 |     3 |       |     3 ||    99
Dodge: Dodged            |    23 |   181 |   168 |    99 |   129 |   180 ||   780
Block: Other             |       |     3 |    32 |     3 |       |       ||    38
       Reflection        |       |       |     1 |    19 |       |       ||    20
       Large shield      |       |       |       |   617 |   703 |  1113 ||  2433

Table legend:
 A = Spawn XP
 B = Non-spawn XP
 C = Spawn XP percentage of total XP
 D = Spawn monster count
 E = Non-spawn monster count
 F = Spawn count percentage of total count
 G = Total turns spent on level
                    A         B        C        D         E        F      G
               +---------+---------+-------+---------+---------+-------+---------
         Total |       0 |  272501 |   0.0 |       0 |     973 |   0.0 | 19276
               +---------+---------+-------+---------+---------+-------+---------
           D:1 |       0 |      30 |   0.0 |       0 |      14 |   0.0 |   345
           D:2 |       0 |     138 |   0.0 |       0 |      30 |   0.0 |   740
           D:3 |       0 |      56 |   0.0 |       0 |      24 |   0.0 |  1059
           D:4 |       0 |     516 |   0.0 |       0 |      21 |   0.0 |  1474
           D:5 |       0 |     688 |   0.0 |       0 |      12 |   0.0 |   455
           D:6 |       0 |    1730 |   0.0 |       0 |      19 |   0.0 |   581
           D:7 |       0 |    2089 |   0.0 |       0 |      27 |   0.0 |   716
           D:8 |       0 |    6362 |   0.0 |       0 |      40 |   0.0 |   589
           D:9 |       0 |    1508 |   0.0 |       0 |      28 |   0.0 |   476
          D:10 |       0 |    7138 |   0.0 |       0 |      43 |   0.0 |   963
          D:11 |       0 |    3642 |   0.0 |       0 |      14 |   0.0 |   550
          D:12 |       0 |   10140 |   0.0 |       0 |      95 |   0.0 |  1011
          D:13 |       0 |    4426 |   0.0 |       0 |      27 |   0.0 |   585
          D:14 |       0 |   18885 |   0.0 |       0 |      42 |   0.0 |   836
          D:15 |       0 |   11521 |   0.0 |       0 |      31 |   0.0 |   525
        Lair:1 |       0 |    8877 |   0.0 |       0 |      36 |   0.0 |   471
        Lair:2 |       0 |   10000 |   0.0 |       0 |      55 |   0.0 |   588
        Lair:3 |       0 |    5230 |   0.0 |       0 |      21 |   0.0 |   359
        Lair:4 |       0 |    6250 |   0.0 |       0 |      26 |   0.0 |   407
        Lair:5 |       0 |    8720 |   0.0 |       0 |      23 |   0.0 |   463
        Lair:6 |       0 |   28479 |   0.0 |       0 |      57 |   0.0 |   888
       Swamp:1 |       0 |   10271 |   0.0 |       0 |      26 |   0.0 |   388
       Swamp:2 |       0 |    3462 |   0.0 |       0 |       9 |   0.0 |    83
         Orc:1 |       0 |    1381 |   0.0 |       0 |      27 |   0.0 |   280
         Orc:2 |       0 |   13659 |   0.0 |       0 |      64 |   0.0 |   898
         Elf:1 |       0 |   21854 |   0.0 |       0 |      34 |   0.0 |   821
         Elf:2 |       0 |    2331 |   0.0 |       0 |       6 |   0.0 |   219
         Elf:3 |       0 |   70740 |   0.0 |       0 |      55 |   0.0 |  1476
        Bailey |       0 |    1562 |   0.0 |       0 |      22 |   0.0 |   454
         IceCv |       0 |   10816 |   0.0 |       0 |      45 |   0.0 |   576
               +---------+---------+-------+---------+---------+-------+---------
